Map: Ever Dream LE

Players

Creature - Winner!

  • Race: Protoss Protoss
  • Spawn Location: 7:00

MaSa

  • Race: Terran Terran
  • League: Master
  • Spawn Location: 1:00

Event: DreamHack SC2 Masters 2020 Summer North America

VOD

Have the link to the VOD?

Description

Time

  • Played on: July 4, 2020, 3:11 p.m.
  • Length: 10:18

All games in this series

Show
View Real Time Build Order
Export as new Build Order

Creature Protoss - Winner!

Build Orders: 1 Gate Expand, Blink Stalkers 

Get SALT Encoding   

  12  0:00  Probe  
  13  0:13  Probe  
  14  0:17  Pylon  
  14  0:25  Probe  
  15  0:33  Probe  
  15  0:35  Gateway  
  15  0:41  Probe  
  16  0:46  Assimilator  
  17  0:51  Probe  
  18  1:03  Probe  
  19  1:15  Probe  
  20  1:22  Cybernetics Core  
  20  1:32  Nexus  
  20  1:39  Pylon  
  20  1:41  Probe  
  20  1:47  Assimilator  
  21  1:48  Adept  
  21  1:54  Probe  
  22  1:59  Warp Gate  
  24  2:06  Probe  
  25  2:09  Stalker  
  27  2:29  Probe  
  27  2:41  Probe  
  27  2:43  Twilight Council  
  28  2:44  Probe  
  28  2:53  Probe x2  
  30  3:01  Probe  
  30  3:03  Blink  
  30  3:04  Gateway  
  30  3:05  Probe  
  32  3:10  Probe  
  32  3:17  Probe  
  34  3:22  Probe  
  35  3:29  Probe  
  36  3:34  Probe, Robotics Facility  
  37  3:41  Probe  
  37  3:46  Probe  
  39  3:53  Probe  
  40  3:58  Probe  
  40  4:02  Sentry, Stalker  
  45  4:05  Nexus, Probe  
  44  4:10  Pylon  
  44  4:12  Probe  
  45  4:19  Probe  
  45  4:21  Pylon  
  45  4:22  Assimilator, Observer  
  46  4:28  Probe, Pylon  
  48  4:31  Stalker  
  48  4:33  Stalker  
  48  4:36  Probe  
  53  4:40  Probe  
  54  4:48  Probe  
  54  4:55  Probe  
  54  5:00  Probe  
  54  5:02  Pylon  
  55  5:07  Probe  
  55  5:10  Gateway  
  55  5:11  Gateway  
  55  5:12  Probe  
  57  5:14  Probe  
  57  5:15  Probe  
  59  5:22  Probe  
  59  5:23  Observer  
  59  5:24  Probe x2  
  59  5:25  Forge  
  63  5:28  Gateway  
  63  5:30  Charge  
  63  5:32  Gateway, Probe  
  63  5:34  Probe  
  64  5:38  Protoss Ground Armor Level 1  
  64  5:39  Shield Battery  
  64  5:41  Probe  
  66  5:46  Stalker  
  66  5:48  Probe  
  69  5:53  Immortal  
  73  5:59  Probe  
  73  6:02  Gateway  
  73  6:04  Gateway  
  74  6:05  Probe  
  74  6:07  Probe  
  76  6:12  Probe  
  76  6:15  Pylon  
  76  6:18  Probe  
  78  6:21  Stalker x2  
  78  6:22  Stalker  
  84  6:27  Probe  
  84  6:31  Templar Archives  
  84  6:32  Probe  
  86  6:33  Immortal  
  86  6:34  Assimilator x2  
  86  6:35  Pylon  
  86  6:38  Pylon  
  86  6:40  Probe  
  86  6:46  Pylon  
  91  6:53  Zealot  
  93  6:59  Psionic Storm  
  93  7:04  Zealot x3  
  93  7:05  Zealot  
  93  7:07  Pylon  
  101  7:12  High Templar  
  101  7:15  High Templar  
  105  7:16  Zealot x2  
  105  7:19  Pylon  
  105  7:20  Warp Prism  
  111  7:24  Photon Cannon  
  111  7:26  Pylon  
  111  7:29  High Templar  
  113  7:30  Zealot x3  
  113  7:36  Gateway  
  117  7:48  Zealot x4  
  123  7:57  High Templar  
  123  7:58  High Templar  
  125  8:01  Archon  
  125  8:08  Stalker x4  
  129  8:25  Probe  
  129  8:26  Stalker x2  
  122  8:28  Warp Prism  
  122  8:40  Zealot x7  
  132  8:52  Forge  
  132  8:55  Nexus  
  132  9:03  Stalker x2  
  132  9:04  Zealot x6  
  148  9:13  Pylon  
  148  9:16  Pylon  
  148  9:22  Pylon  
  148  9:34  Zealot x8  
  128  9:59  Zealot x7  
  138  10:00  Zealot x2  
Show
View Real Time Build Order
Export as new Build Order

MaSa Terran 

Build Orders: Reaper Expand 

Get SALT Encoding   

  12  0:00  SCV  
  13  0:12  SCV  
  14  0:17  Supply Depot  
  14  0:24  SCV  
  15  0:38  SCV  
  15  0:40  Barracks  
  16  0:43  Refinery  
  16  0:51  SCV  
  17  1:03  SCV  
  18  1:15  SCV  
  19  1:27  Orbital Command, Reaper  
  20  1:44  Command Center  
  20  1:51  Supply Depot  
  20  1:53  SCV  
  21  1:59  Marine  
  22  2:03  Factory  
  22  2:06  SCV  
  23  2:10  Refinery  
  23  2:16  Bunker  
  23  2:20  SCV  
  23  2:22  Barracks Reactor  
  24  2:32  SCV  
  25  2:44  SCV  
  24  2:52  Starport  
  24  2:57  SCV  
  24  3:00  Marine x2  
  24  3:01  Widow Mine  
  28  3:09  SCV  
  29  3:18  Marine x2  
  31  3:21  Orbital Command, SCV  
  31  3:23  Widow Mine  
  34  3:28  Medivac  
  34  3:33  SCV  
  37  3:38  Armory  
  37  3:40  Marine  
  38  3:45  Widow Mine, SCV  
  38  3:48  Marine  
  42  3:57  SCV  
  42  3:58  Marine  
  42  4:01  Starport Tech Lab  
  44  4:04  SCV  
  44  4:06  Marine  
  44  4:08  Barracks  
  46  4:13  Factory Tech Lab  
  46  4:22  Barracks  
  46  4:23  Refinery, Supply Depot  
  46  4:32  Starport Reactor  
  46  4:43  SCV x2  
  46  4:45  Siege Tank  
  47  4:50  Marine x2  
  49  4:55  SCV x2  
  49  4:59  Supply Depot  
  49  5:04  Engineering Bay  
  49  5:06  Drilling Claws  
  49  5:07  SCV  
  49  5:08  Marine  
  49  5:09  Stimpack  
  49  5:10  Barracks Tech Lab  
  49  5:11  SCV  
  52  5:14  Marauder  
  52  5:20  SCV  
  53  5:22  Siege Tank  
  53  5:23  SCV  
  53  5:26  Marine x2  
  59  5:29  Marauder  
  59  5:32  SCV  
  59  5:33  Supply Depot  
  59  5:35  Supply Depot  
  62  5:39  Terran Infantry Weapons Level 1  
  62  5:42  Refinery  
  62  5:51  Combat Shield  
  62  5:54  Marine x2, SCV x2  
  62  5:55  Marauder  
  68  5:58  Supply Depot  
  68  6:05  Marauder  
  68  6:06  SCV x2  
  72  6:12  Starport Reactor  
  72  6:18  SCV x2  
  72  6:21  Supply Depot  
  72  6:22  Command Center  
  74  6:26  Marine x2  
  74  6:28  Marauder  
  74  6:31  Marauder  
  80  6:34  SCV x2  
  80  6:39  Widow Mine x2  
  86  6:43  Supply Depot  
  86  6:44  Marine x2  
  87  6:47  SCV  
  87  6:48  Concussive Shells, SCV  
  87  6:50  Medivac  
  87  6:53  Medivac  
  92  6:58  Barracks  
  92  7:03  Barracks  
  92  7:04  Marine x2  
  92  7:06  SCV  
  92  7:08  SCV  
  95  7:10  Supply Depot  
  95  7:13  Marauder  
  97  7:16  Widow Mine  
  97  7:18  Widow Mine  
  101  7:24  Supply Depot  
  101  7:26  SCV  
  102  7:34  Marine  
  102  7:35  Marauder x2, Marine  
  102  7:36  SCV  
  109  7:39  Orbital Command  
  107  7:45  Terran Infantry Armor Level 1  
  107  7:47  SCV  
  107  7:48  SCV  
  108  7:59  Marauder x2, SCV  
  108  8:00  Barracks Reactor, Engineering Bay  
  108  8:03  Widow Mine  
  115  8:08  Widow Mine  
  115  8:10  SCV  
  115  8:11  Medivac  
  120  8:13  SCV  
  117  8:21  Ghost Academy  
  117  8:24  Widow Mine  
  108  8:31  Marauder x2, Marine x2  
  108  8:32  Widow Mine  
  108  8:38  SCV x2  
  105  8:46  Widow Mine  
  105  8:47  Medivac  
  108  8:54  Widow Mine  
  110  9:02  Marauder x3, Marine x4  
  116  9:04  Orbital Command  
  116  9:05  SCV x2  
  116  9:08  Widow Mine  
  120  9:15  Widow Mine  
  122  9:20  Refinery, Medivac  
  122  9:22  Refinery, Ghost  
  122  9:23  Medivac, Ghost  
  127  9:33  Marauder, Marine x2  
  127  9:42  Marine x2  
  116  9:48  SCV  
  116  9:49  Widow Mine  
  116  9:50  Widow Mine  
  116  9:52  Marauder x2  
  113  9:54  Marauder  
  113  9:56  Marine x2  
  113  9:57  SCV  
  112  10:00  Marine  
Tags
 
Add a new tag
Caveats
  • Supply blocks, unpowered buildings, or Contaminate may cause inaccurate times.
  • Supply counts are checked every 10 seconds.